 Dungeon Crawl Stone Soup version 0.30.1-3-gfc49f6343a (webtiles) character file.

Game seed: 1447883113573683784

1635 spardeous the Conjurer (level 8, 0/57 HPs)
             Began as a Demigod Fire Elementalist on July 28, 2023.
             Succumbed to a kobold brigand's curare-tipped dart
             ... on level 5 of the Dungeon.
             The game lasted 00:06:52 (6560 turns).

spardeous the Conjurer (Demigod Fire Elementalist)  Turns: 6560, Time: 00:06:52

Health: 0/57       AC:  4    Str:  9    XL:     8   Next: 39%
Magic:  16/17      EV: 11    Int: 25    God:
Gold:   190        SH:  0    Dex: 16    Spells: 9/15 levels left

rFire   . . .        j - +2 sling (flame)
rCold   . . .        (no shield)
rNeg    . . .        n - +0 leather armour of Gehenna {+Inv Dex+2 Stlth+}
rPois   .            (no helmet)
rElec   .            f - +0 cloak
rCorr   .            (no gloves)
SInv    .            (no boots)
Will    .....        (no amulet)
Stlth   +++          (no ring)
HPRegen 0.29/turn    (no ring)
MPRegen 0.15/turn

%: no passive effects
@: lethally poisoned (0 -> -6), slowed, very slow
A: high MP 1, forlorn, divine attributes
a: Evoke Invisibility


You were on level 5 of the Dungeon.
You visited 1 branch of the dungeon, and saw 7 of its levels.

You collected 190 gold pieces.

Inventory:

Hand Weapons
 j - a +2 sling of flaming (weapon)
Armour
 f - a +0 cloak (worn)
 l - a +0 leather armour
 n - the +0 leather armour of Gehenna (worn) {+Inv Dex+2 Stlth+}
   (You found it on level 3 of the Dungeon)

   Dex:       It affects your dexterity (+2).
   +Inv:      It lets you turn invisible.
   Stlth:     It makes you more stealthy.
Jewellery
 q - a ring of positive energy
Wands
 t - a wand of acid (10)
Scrolls
 c - 9 scrolls of identify {unknown}
 d - a scroll of immolation
 i - 2 scrolls of poison {unknown}
 p - a scroll of enchant weapon {unknown}
 r - a scroll of enchant armour {unknown}
 s - a scroll of brand weapon {unknown}
 u - a scroll of teleportation {unknown}
Potions
 a - a potion of attraction {unknown}
 b - 3 potions of magic
 g - a potion of curing
 h - 2 potions of invisibility {unknown}
 k - 2 potions of lignification {unknown}
 m - a potion of degeneration {unknown}
 o - a potion of flight {unknown}


   Skills:
 - Level 1.7 Dodging
 - Level 1.7 Stealth
 + Level 4.3 Spellcasting
 - Level 7.3 Conjurations
 - Level 6.0 Fire Magic


You had 9 spell levels left.
You knew the following spells:

 Your Spells              Type           Power      Damage    Failure   Level
a - Foxfire               Conj/Fire      100%       2x1d9     1%          1
b - Fireball              Conj/Fire      19%        3d9       22%         5

Your spell library contained the following spells:

 Spells                   Type           Power      Damage    Failure   Level
 Scorch                   Fire           70%        2d8       1%          2
 Flame Wave               Conj/Fire      38%        2d10      8%          4
 Inner Flame              Hex/Fire       20%        N/A       11%         3
 Volatile Blastmotes      Fire/Tloc      40%        2d13      11%         3
 Ignite Poison            Fire/Tmut/Pois 15%        N/A       16%         3
 Cigotuvi's Dreadful Rot  Necr/Pois/Air  10%        N/A       19%         2
 Vhi's Electric Charge    Tloc/Air       10%        N/A       36%         3
 Arcjolt                  Conj/Air       11%        1d21      61%         5
 Freezing Cloud           Conj/Ice/Air   8%         6-21      77%         5
 Starburst                Conj/Fire      19%        6d7       77%         6
 Plasma Beam              Fire/Air       10%        2x1d23    99%         6


Dungeon Overview and Level Annotations

Branches:
Dungeon (7/15)
 Temple: D:4-7


Innate Abilities, Weirdness & Mutations

You have an increased reservoir of magic. (+10% MP)
You shall have no god before yourself.
Your divine heritage dramatically boosts your attributes as you level up.


Message History

Okay, then.
As you read the scroll labelled YVUALU LOINOTH, it crumbles to dust.
The creatures around you are filled with an inner flame!
It was a scroll of immolation.
You feel sick.
The kobold brigand hits you but does no damage.
The kobold brigand barely misses you.
You take 1 damage, and have 7/57 hp.
Your foxfire dissipates!
You feel sick.
A kobold comes into view. It is wielding a +0 club.
You take 2 damage, and have 5/57 hp.
It was a potion of curing.
You feel better. The kobold brigand closely misses you.
The kobold brigand barely misses you.
You regained 8 hp, and now have 13/57 hp.
MP restored: 17 The kobold brigand attacks as you move away!
The kobold brigand barely misses you.
The kobold shouts!
The kobold brigand attacks as you move away!
The kobold brigand hits you with a +0 dagger.
* * * LOW HITPOINT WARNING * * *
The kobold brigand hits you with a +0 dagger.
* * * LOW HITPOINT WARNING * * *
You take 8 damage, and have 5/57 hp.
You feel better. The kobold brigand closely misses you.
You regained 6 hp, and now have 11/57 hp.
The kobold brigand throws a curare-tipped dart.
The curare-tipped dart completely misses you.
The kobold brigand throws a curare-tipped dart.
The curare-tipped dart hits you.
You are poisoned.
You have difficulty breathing.
* * * LOW HITPOINT WARNING * * *
You feel as though you will be slow longer.
You take 8 damage, and have 3/57 hp.
There is a lethal amount of poison in your body!
Casting: Foxfire (safe; 1% risk of failure)
Confirm with . or Enter, or press ? or * to list all spells.
You conjure some foxfire!
You die...

##########.# #.#
### #K# ..# #K# #.#
#.# #.# #K# #.# #K#
#####.###########v#
.......#.......v@.#
#####..#.##########
....#..#.######
.............>#
###.#..#.####.#
....#..#.# #.#
#####..#.# #.#
#..#.####.#
#..#.##...#


You could see a kobold brigand (inner flame, ally target) and 3 kobolds.

Vanquished Creatures
  Eustachio (D:6)
  Menkaure (D:6)
  2 water moccasins (D:6)
  A hornet zombie (D:6)
  A sky beast (D:6)
  An ice beast (D:7)
  A black bear (D:5)
  2 centaurs (D:6)
  2 scorpions
  A wight (D:6)
  3 howler monkeys (D:7)
  A bullfrog zombie (D:6)
  2 hounds
  A human zombie (D:6)
  2 iguanas
  An orc wizard (D:6)
  A mummy (D:6)
  4 adders
  A shadow imp (D:6)
  A white imp (D:7)
  An ufetubus (D:5)
  4 worms
  A dart slug (D:4)
  12 orcs
  A bat (D:3)
  7 endoplasms
  2 giant cockroaches
  9 goblins
  4 hobgoblins
  10 kobolds
  3 quokkas
  4 ball pythons
  5 frilled lizards
  4 rats
97 creatures vanquished.

Vanquished Creatures (collateral kills)
  3 foxfires (D:1)
3 creatures vanquished.

Vanquished Creatures (others)
  561 foxfires
561 creatures vanquished.

Grand Total: 661 creatures vanquished

Notes
Turn   | Place    | Note
-------+----------+-------------------------------------------
     0 | D:1      | spardeous the Demigod Fire Elementalist began the quest for
                  | the Orb.
     0 | D:1      | Reached XP level 1. HP: 14/14 MP: 5/5
   619 | D:1      | Reached XP level 2. HP: 20/20 MP: 2/7
  1582 | D:2      | Reached XP level 3. HP: 25/26 MP: 4/8
  2913 | D:3      | Identified the +0 leather armour of Gehenna {+Inv Dex+2
                  | Stlth+}
  3589 | D:4      | Reached XP level 4. HP: 33/33 MP: 9/9
  3693 | D:4      | Reached skill level 5 in Fire Magic
  4191 | D:4      | You fall into a shaft and drop 3 floors!
  4242 | D:7      | Noticed an ice beast
  4250 | D:7      | Killed an ice beast
  4251 | D:7      | Reached XP level 5. HP: 27/38 MP: 8/10
  4257 | D:7      | Learned a level 5 spell: Fireball
  4310 | D:7      | Reached skill level 1 in Conjurations
  4327 | D:7      | Reached skill level 2 in Conjurations
  4327 | D:7      | Reached XP level 6. HP: 29/45 MP: 3/11
  4541 | D:6      | Noticed a water moccasin
  4551 | D:6      | Killed a water moccasin
  4552 | D:6      | Reached skill level 3 in Conjurations
  4640 | D:6      | Noticed Eustachio
  4681 | D:6      | Killed Eustachio
  4682 | D:6      | Reached skill level 4 in Conjurations
  4699 | D:6      | Noticed a water moccasin
  4818 | D:6      | Killed a water moccasin
  4819 | D:6      | Reached skill level 5 in Conjurations
  4819 | D:6      | Reached XP level 7. HP: 16/50 MP: 6/12
  5230 | D:6      | Noticed Menkaure
  5237 | D:6      | Killed Menkaure
  5238 | D:6      | Reached skill level 6 in Conjurations
  5575 | D:6      | Reached skill level 7 in Conjurations
  5575 | D:6      | Reached XP level 8. HP: 24/57 MP: 8/13
  6223 | D:5      | Entered Level 5 of the Dungeon
  6481 | D:5      | Identified the +3 ring mail of Kanluude {Will+ rCorr Str+3
                  | Dex+2}
  6560 | D:5      | Succumbed to a kobold brigand's curare-tipped dart

Illustrated notes

Levels and vault maps discovered:
D:1:      minmay_arrival_stone_box, layout_loops_cross,
          shapermc_ecumenical_altar_hornbeckon
D:2:      minmay_evil_eye, layout_basic
D:3:      layout_loops_ring
D:4:      layout_loops_ring, mainiacjoe_overflow_concentric_impassable
D:5:      minmay_spotlight, layout_basic, mainiacjoe_overflow_small_starburst
D:6:      layout_cave_pools, okawaru_ov_weapons_minmay,
          lemuel_mausoleum_altar_kikubaaqudgha, uniq_eustachio, uniq_pikel,
          uniq_menkaure
D:7:      layout_basic, nicolae_overflow_crystal_walls,
          mainiacjoe_overflow_tiny_flanked, minmay_temple_entry_statues_pillars,
          serial_shops, nicolae_shop_peninsula

Skill      XL: |  1  2  3  4  5  6  7  8 |
---------------+-------------------------+-----
Fire Magic     | 3 4 6 |  6.0
Conjurations   | 2 5 7 |  7.3
Spellcasting   | 4 |  4.3
Dodging        | |  1.7
Stealth        | |  1.7

Action                     |  1- 3 |  4- 6 |  7- 9 || total
---------------------------+-------+-------+-------++-------
   Fire: Sling             |    17 |    27 |       ||    44
   Cast: Foxfire           |   142 |    61 |   119 ||   322
    Use: Potion            |       |     1 |     5 ||     6
         Scroll            |       |       |     1 ||     1
 Armour: Robe              |     3 |       |       ||     3
         Leather armour    |       |    21 |    18 ||    39
  Dodge: Dodged            |    17 |    49 |    61 ||   127
